AoeStats
← EmirR6S

Socotra

505962598Analyzed
4v4 RM · 20d ago on Sep 11, 2026· 54m 26s· 8 players
Game mode
Random Map
Map size
148×148
Population
200
Speed
Normal
Resources
Standard
Victory
Conquest
Starting age
Dark Age
Ending age
Imperial Age
RankedLock teamsTeams togetherTeam positionsShared explorationLock speedFull tech treeHidden civsTurbo modeCheats
Victory
Defeat
🇬🇧 Celts · United Kingdom
917
+19
🇦🇷 Teutons · Argentina
909
+19
🇫🇷 Spanish · France
870
+21
🇺🇸 Persians · United States
853
+21
🇷🇴 Khitans · Romania
1006
-22
🇷🇴 Burgundians · Romania
1006
-21
🇷🇴 Franks · Romania
1000
-68
🇷🇴 Malians · Romania
888
-16
eliasamicone24
0:41 Loom
11:54 Feudal Age
14:23 Double-Bit Axe
24:33 Castle Age
23:45 Stone Mining
jorvikshungite
0:33 Loom
12:35 Feudal Age
12:39 Man-at-Arms
13:19 Double-Bit Axe
13:37 Arson
13:52 Horse Collar
17:39 Wheelbarrow
17:49 Gold Mining
19:23 Stone Mining
21:28 Scale Mail Armor
24:15 Forging
24:51 Fletching
30:21 Castle Age
28:55 Padded Archer Armor
31:07 Long Swordsman
31:34 Gambesons
31:17 Pikeman
33:20 Chain Mail Armor
41:41 Iron Casting
43:53 Devotion
45:56 Bodkin Arrow
52:30 Town Watch
56:26 Imperial Age
WHIRLYBIRDER
10:00 Feudal Age
11:47 Double-Bit Axe
12:01 Horse Collar
14:24 Wheelbarrow
20:46 Castle Age
18:49 Stone Mining
22:39 Heavy Plow
23:20 Gold Mining
23:23 Fletching
25:24 Bow Saw
26:10 Forging
26:33 Scale Barding Armor
28:06 Iron Casting
28:49 Hand Cart
30:32 Bloodlines
30:23 Husbandry
30:45 Chain Barding Armor
31:44 Gold Shaft Mining
33:56 Stone Shaft Mining
37:29 Imperial Age
37:24 Elite War Elephant
38:25 Conscription
39:51 Two-Man Saw
41:05 Hoardings
40:42 Citadels
40:10 Cavalier
40:21 Heavy Camel Rider
45:37 Blast Furnace
45:13 Plate Barding Armor
44:35 Bodkin Arrow
46:01 Savar
PhZ_Vic5
11:38 Feudal Age
16:47 Castle Age
19:02 Horse Collar
32:02 Ballistics
33:43 Padded Archer Armor
34:25 Pikeman
35:06 Squires
34:51 Arson
George Droyd
0:37 Loom
11:59 Feudal Age
20:23 Castle Age
22:07 Crossbowman
23:25 Double-Bit Axe
23:22 Horse Collar
33:15 Pikeman
45:14 Wheelbarrow
48:37 Hand Cart
MDS Destroyer
11:00 Feudal Age
12:47 Forging
12:29 Double-Bit Axe
17:42 Scale Barding Armor
23:17 Castle Age
22:43 Domestication
22:57 Gold Mining
24:11 Bow Saw
24:56 Iron Casting
26:44 Husbandry
29:17 Wheelbarrow
31:01 Loom
31:18 Pastoralism
37:09 Fervor
40:44 Hand Cart
42:48 Chain Barding Armor
46:55 Light Cavalry
48:32 Town Watch
50:36 Lamellar Armor
YANNICKKO
12:39 Feudal Age
22:35 Castle Age
24:06 Wheelbarrow
23:22 Double-Bit Axe
43:38 Imperial Age
43:20 Hand Cart
47:43 Chemistry
46:53 Cavalier
48:49 Elite Throwing Axeman
49:53 #83
EmirR6S
5:52 Loom
16:05 Feudal Age
19:15 Double-Bit Axe
23:22 Castle Age
29:45 Elite Skirmisher
30:43 Fletching
32:01 Wheelbarrow
32:14 Man-at-Arms
33:21 Horse Collar
35:02 Stone Mining
35:02 Gold Mining
38:07 Husbandry
38:17 Bloodlines
41:47 Imperial Age
42:34 Hand Cart
46:22 Bodkin Arrow
46:27 Padded Archer Armor
46:28 Scale Mail Armor
47:34 Stone Shaft Mining
47:34 Gold Shaft Mining
46:32 Pikeman
47:13 Squires
46:58 Arson
Connection lost

Rejoining the realm…

Still unreachable

The connection could not be restored.

Session expired

The server has moved on; the page needs a fresh start.